 Dungeon Crawl Stone Soup version 0.27-a0-883-g39567a0c06 (webtiles) character file.

Game seed: 10797606990625173627

68 Essalna the Magician (level 4, -5/31 HPs)
             Began as a Djinni Venom Mage on Apr 3, 2021.
             Slain by Crazy Yiuf
             ... wielding a +4 quarterstaff of chaos
              (11 damage)
             ... on level 3 of the Dungeon.
             The game lasted 00:03:09 (2873 turns).

Essalna the Magician (Djinni Venom Mage)            Turns: 2873, Time: 00:03:10

Health: -5/31      AC:  2    Str:  7    XL:     4   Next: 19%
Gold:   175        EV: 12    Int: 17    God:
                   SH:  0    Dex: 14

rFire    + + .     SeeInvis .   e - +0 dagger (speed)
rCold    x . .     Faith    .   (no shield)
rNeg     . . .     Spirit   .   a - +0 robe
rPois    ∞         Reflect  .   (no helmet)
rElec    .         Harm     .   (no cloak)
rCorr    .         Rampage  .   (no gloves)
Will     .....                  (boots unavailable)
Stlth    ++........             f - amulet of regeneration
HPRegen  1.10/turn              (no ring)
MPRegen  0.00/turn              (no ring)

@: flying, hasted, very quick
A: fire resistance 2, cold vulnerability 1, float, innate caster, hp casting,
extra vitality 1
a: no special abilities


You were on level 3 of the Dungeon.
You visited 1 branch of the dungeon, and saw 3 of its levels.

You collected 175 gold pieces.

Inventory:

Hand Weapons
 e - a +0 dagger of speed (weapon)
Armour
 a - a +0 robe (worn)
Jewellery
 f - an amulet of regeneration (around neck)
Scrolls
 b - 2 scrolls of fog {unknown}
 c - 3 scrolls of teleportation {unknown}
 d - 4 scrolls of identify {unknown}
 g - 3 scrolls of magic mapping {unknown}
 i - a scroll of enchant armour {unknown}
 j - a scroll of torment {unknown}
Potions
 h - a potion of resistance {unknown}


   Skills:
 - Level 2.1 Dodging
 - Level 1.5 Stealth
 + Level 4.2 Spellcasting


You couldn't memorise any spells.
You knew the following spells:

 Your Spells              Type           Power      Damage    Failure   Level
a - Sting                 Tmut/Pois      72%        1d6       2%          1
b - Poisonous Vapours     Pois/Air       36%        N/A       4%          2
c - Mephitic Cloud        Conj/Pois/Air  18%        N/A       9%          3
d - Ignite Poison         Fire/Tmut/Pois 18%        N/A       9%          3
e - Olgreb's Toxic Radia  Pois           18%        N/A       26%         4
f - Beastly Appendage     Tmut           36%        N/A       2%          1
Your spell library was empty.

Dungeon Overview and Level Annotations

Branches:
Dungeon (3/15)

Altars:

Annotations:
D:3 Crazy Yiuf


Innate Abilities, Weirdness & Mutations

You are immune to poison.
Your flesh is very heat resistant. (rF++)
You are vulnerable to cold. (rC-)
You float through the air rather than walking.
You learn spells naturally, not from books.
Your magical power is your life essence.
You have superior vitality. (+4 HP)


Message History

The adder closely misses you.
You miss the adder.
The adder is almost dead.
You kill the adder!
No target in view!
You see here an adder corpse.
Your magical contamination has completely faded away.
Key pressed, stopping explore.
You now have 175 gold pieces (gained 6).
Key pressed, stopping explore.
Found a mace.
Found a runed translucent door.
Crazy Yiuf shouts!
Crazy Yiuf yells, "Tonal Orb Guardian dark!"
Crazy Yiuf twirls on the spot.
Key pressed, stopping explore.
No target in view!
Crazy Yiuf yells, "Lay seventy foot!"
You reach down and open the door.
Crazy Yiuf laughs, "Key!"
Poisonous vapours surround Crazy Yiuf!
Crazy Yiuf is engulfed in poison gas.
Crazy Yiuf is poisoned.
Crazy Yiuf drinks a potion.
Crazy Yiuf seems to grow stronger.
Poisonous vapours surround Crazy Yiuf!
Crazy Yiuf is engulfed in poison gas.
Crazy Yiuf looks even sicker.
Crazy Yiuf hits you with a +4 quarterstaff of chaos!!
Ouch! That really hurt!
* * * LOW HITPOINT WARNING * * *
You feel yourself speed up.
You are too injured to fight recklessly!
You are too injured to fight recklessly!
Casting: Poisonous Vapours (safe; 4% risk of failure)
Confirm with . or Enter, or press ? or * to list all spells.
Aiming: Sting (safe; 2% risk of failure)
Press: ? - help, Shift-Dir - straight line, f/p - Crazy Yiuf
Aim: Crazy Yiuf, wielding a +4 quarterstaff of chaos and wearing a +0 cloak (severely wounded, strong, very poisoned, 23% to evade)
The sting hits Crazy Yiuf.
Crazy Yiuf looks even sicker.
Crazy Yiuf is severely wounded.
* * * LOW HITPOINT WARNING * * *
Crazy Yiuf hits you with a +4 quarterstaff of chaos!
You die...

###.##..##..# #####
###.##..##..# #)..#
#......#..#.. #...#
##....#....#. ...
#....#..##..# #'#
#.#.#...##... ♣.♣♣
#.##......(.. ♣♣g♣
#.....##..... ♣@♣♣
#..#.######.. ♣♣.♣
#>..........# ♣♣.♣♣
#.#########.# ♣♣...♣
#.# #.# ♣....♣ #[# #..
#....# ### #..
#####..#### #..
#......##.###########.#
#.......#.............#


You could see Crazy Yiuf (strong, very poisoned).

Vanquished Creatures
  2 adders
  A worm (D:2)
  An orc (D:3)
  3 endoplasms
  A giant cockroach (D:1)
  7 goblins
  2 quokkas (D:1)
  5 ball pythons
  6 bats (D:1)
  2 frilled lizards (D:1)
  3 kobolds
  15 rats
48 creatures vanquished.

Notes
Turn   | Place    | Note
-------+----------+-------------------------------------------
     0 | D:1      | Essalna the Djinni Venom Mage began the quest for the Orb.
     0 | D:1      | Reached XP level 1. HP: 15/15 MP: 0/0
    52 | D:1      | Reached skill level 3 in Spellcasting
   218 | D:1      | Reached XP level 2. HP: 16/21 MP: 0/0
   969 | D:1      | Reached XP level 3. HP: 24/25 MP: 0/0
   969 | D:1      | Learned a level 1 spell: Beastly Appendage
  1192 | D:1      | Found a faded altar of an unknown god.
  2053 | D:2      | Reached skill level 4 in Spellcasting
  2625 | D:3      | Reached XP level 4. HP: 29/31 MP: 0/0
  2840 | D:3      | Found a runed translucent door.
  2841 | D:3      | Noticed Crazy Yiuf
  2873 | D:3      | Slain by Crazy Yiuf

Illustrated notes

Levels and vault maps discovered:
D:1:      beargit_arrival_diablo_church, layout_basic, basic_ecumenical_altar,
          minmay_rat_gold_closets
D:2:      layout_loops_ring
D:3:      minmay_general_purpose_star, layout_basic, minivault_26,
          grunt_decor_mini_mirrors, uniq_crazy_yiuf_cottage

Skill      XL: |  1  2  3 |
---------------+----------+-----
Spellcasting   | 3 4 |  4.2
Dodging        | |  2.1
Stealth        | |  1.5

Action                   |  1- 3 |  4- 6 || total
-------------------------+-------+-------++-------
Melee: Unarmed           |     6 |       ||     6
       Dagger            |       |     4 ||     4
 Cast: Sting             |    62 |     1 ||    63
       Poisonous Vapours |    19 |     7 ||    26
Armor: Robe              |    10 |       ||    10
Dodge: Dodged            |    33 |     5 ||    38

Table legend: (Time is in decaauts)
 A = Elapsed time spent in this place.
 B = Non-inter-level travel time spent in this place.
 C = Inter-level travel time spent in this place.
 D = Time resting spent in this place.
 E = Time spent auto-exploring this place.
 F = Levels seen in this place.
 G = Mean time per level.
                   A        B        C        D        E       F      G
               +--------+--------+--------+--------+--------+-----+--------+
         Total |   2870 |   2813 |     57 |      0 |   2571 |   3 |  956.7 |
       Dungeon |   2870 |   2813 |     57 |      0 |   2571 |   3 |  956.7 |
               +--------+--------+--------+--------+--------+-----+--------+

Top non-repeatable levels by time:
     D:1: 1702 daAuts
     D:2: 685 daAuts
     D:3: 481 daAuts
